3R
GIBTOWN ELEPHANTS @ TWINSBURG TIGERS
08/21/2038
 
TOP OF THE 1ST
Gibtown Elephants batting - Pitching for Twinsburg Tigers : RHP Wilson Alindogan
Pitching: RHP Wilson Alindogan
Batting: RHB Rafael Riquelme 0-0: Called Strike
0-1: Ball
1-1: DOUBLE (Line Drive, 78XD, EV 103.1 MPH)
Batting: LHB Dan Quintana 0-0: Ball
1-0: Ball
2-0: Ball
3-0: Called Strike
3-1: Swinging Strike
3-2: Foul Ball, location: 2F
3-2: Base on Balls
Batting: RHB Joe Frank 0-0: Ball
1-0: Called Strike
1-1: Swinging Strike
1-2: Ball
2-2: Foul Ball, location: 2F
2-2: Strikes out swinging
Batting: SHB Christian Cole 0-0: Swinging Strike
0-1: Swinging Strike
0-2: Ball
1-2: Strikes out looking
Batting: RHB Virgil Guldenmond 0-0: Called Strike
0-1: Ball
1-1: Foul Ball, location: 2F
1-2: Ball
2-2: Strikes out looking
Top of the 1st over - 0 runs, 1 hit, 0 errors, 2 left on base; Gibtown 0 - Twinsburg 0
BOTTOM OF THE 1ST
Twinsburg Tigers batting - Pitching for Gibtown Elephants : RHP Ki-tong Teoh
Pitching: RHP Ki-tong Teoh
Batting: LHB Juan Santángel 0-0: Ball
1-0: Ball
2-0: Ball
3-0: Called Strike
3-1: Foul Ball, location: 2F
3-2: SINGLE (Groundball, 4M, EV 86.2 MPH) (infield hit)
Batting: RHB Cristo Correa Jr. 0-0: Fly out, F9 (Flyball, 9, EV 86.9 MPH)
Batting: RHB Charlie Cummings 0-0: Foul Ball, location: 2F
0-1: Ball
1-1: Fielders Choice at 2nd, 6-4 (Groundball, 6, EV 80.0 MPH)
Batting: LHB Bobby O'Kennedy 0-0: SINGLE (Groundball, 34D, EV 96.9 MPH)
Charlie Cummings to second
Runner from 2nd tries for 3rd, SAFE, no throw by RF
Batting: RHB Jeff Camp 0-0: Ball
1-0: DOUBLE (Flyball, 78D, EV 95.0 MPH)
Charlie Cummings scores
Bobby O'Kennedy to third
Runner from 3rd tries for Home, SAFE, throw by LF to trailing runner, SAFE at third!
Batting: RHB Sam Hamilton 0-0: Called Strike
0-1: Called Strike
0-2: Strikes out looking
Bottom of the 1st over - 2 runs, 3 hits, 0 errors, 1 left on base; Gibtown 0 - Twinsburg 2
TOP OF THE 2ND
Gibtown Elephants batting - Pitching for Twinsburg Tigers : RHP Wilson Alindogan
Batting: RHB Colton Pennington 0-0: Ball
1-0: Called Strike
1-1: Called Strike
1-2: Ball
2-2: Ball
3-2: Strikes out looking
Batting: RHB Robinson Vargas 0-0: Called Strike
0-1: Ball
1-1: Swinging Strike
1-2: Strikes out swinging
Batting: RHB Brian Martin 0-0: Foul Ball, location: 2F
0-1: Ball
1-1: Ball
2-1: Swinging Strike
2-2: Strikes out swinging
Top of the 2nd over - 0 runs, 0 hits, 0 errors, 0 left on base; Gibtown 0 - Twinsburg 2
BOTTOM OF THE 2ND
Twinsburg Tigers batting - Pitching for Gibtown Elephants : RHP Ki-tong Teoh
Batting: RHB Roberto Méndez 0-0: Swinging Strike
0-1: Foul Ball, location: 2F
0-2: Ball
1-2: Ball
2-2: Strikes out swinging
Batting: RHB Harold Dansey 0-0: Ball
1-0: Ground out U3 (Groundball, 3, EV 101.2 MPH)
Batting: RHB Brian Myers 0-0: Ball
1-0: Fly out, F8 (Line Drive, 8LM, EV 91.2 MPH)
Bottom of the 2nd over - 0 runs, 0 hits, 0 errors, 0 left on base; Gibtown 0 - Twinsburg 2
TOP OF THE 3RD
Gibtown Elephants batting - Pitching for Twinsburg Tigers : RHP Wilson Alindogan
Batting: RHB Alonso Salgado 0-0: Ball
1-0: Ground out 6-3 (Groundball, 6, EV 81.9 MPH)
Batting: RHB Rafael Riquelme 0-0: Foul Ball, location: 2F
0-1: Ball
1-1: Ball
2-1: Bunt for hit to 25 - play at first, batter OUT! 5-3
Batting: LHB Dan Quintana 0-0: Ball
1-0: Ball
2-0: Ball
3-0: Called Strike
3-1: Base on Balls
Batting: RHB Joe Frank 0-0: Ball
1-0: Ball
2-0: Foul Ball, location: 2F
2-1: Foul Ball, location: 2F
2-2: Ball
3-2: Foul Ball, location: 2F
3-2: Fly out, F4 (Popup, 4, EV 66.2 MPH)
Top of the 3rd over - 0 runs, 0 hits, 0 errors, 1 left on base; Gibtown 0 - Twinsburg 2
BOTTOM OF THE 3RD
Twinsburg Tigers batting - Pitching for Gibtown Elephants : RHP Ki-tong Teoh
Batting: LHB Juan Santángel 0-0: Foul Ball, location: 2F
0-1: Ball
1-1: Fly out, F9 (Flyball, 9LS, EV 96.9 MPH)
Batting: RHB Cristo Correa Jr. 0-0: Ball
1-0: Called Strike
1-1: DOUBLE (Flyball, 89D, EV 100.6 MPH)
Batting: RHB Charlie Cummings 0-0: Foul Ball, location: 2F
0-1: Fly out, F9 (Flyball, 9LSF, EV 96.2 MPH)
Batting: LHB Bobby O'Kennedy 0-0: Reached on error, E5 (Groundball, 56, EV 102.5 MPH)
Cristo Correa Jr. to third
Batting: RHB Jeff Camp 0-0: SINGLE (Groundball, 4MD, EV 96.2 MPH)
Cristo Correa Jr. scores
Bobby O'Kennedy to second
Runner from 2nd tries for 3rd, SAFE, no throw by CF
Batting: RHB Sam Hamilton 0-0: Ball
1-0: Foul Ball, location: 2F
1-1: Swinging Strike
1-2: Foul Ball, location: 2F
1-2: Foul Ball, location: 2F
1-2: Strikes out swinging
Bottom of the 3rd over - 1 run, 2 hits, 1 error, 2 left on base; Gibtown 0 - Twinsburg 3
TOP OF THE 4TH
Gibtown Elephants batting - Pitching for Twinsburg Tigers : RHP Wilson Alindogan
Batting: SHB Christian Cole 0-0: Swinging Strike
0-1: Ball
1-1: Fly out, F6 (Popup, 6MS, EV 73.8 MPH)
Batting: RHB Virgil Guldenmond 0-0: Swinging Strike
0-1: Called Strike
0-2: Ball
1-2: Strikes out swinging
Batting: RHB Colton Pennington 0-0: Ball
1-0: Called Strike
1-1: Ball
2-1: Swinging Strike
2-2: Ball
3-2: Foul Ball, location: 2F
3-2: Strikes out swinging
Top of the 4th over - 0 runs, 0 hits, 0 errors, 0 left on base; Gibtown 0 - Twinsburg 3
BOTTOM OF THE 4TH
Twinsburg Tigers batting - Pitching for Gibtown Elephants : RHP Ki-tong Teoh
Batting: RHB Roberto Méndez 0-0: Ball
1-0: Ground out 4-3 (Groundball, 4, EV 83.8 MPH)
Batting: RHB Harold Dansey 0-0: Ball
1-0: Foul Ball, location: 2F
1-1: Foul Ball, location: 2F
1-2: Ground out 5-3 (Groundball, 56, EV 85.0 MPH)
Batting: RHB Brian Myers 0-0: Swinging Strike
0-1: Ground out 6-3 (Groundball, 6S, EV 72.5 MPH)
Bottom of the 4th over - 0 runs, 0 hits, 0 errors, 0 left on base; Gibtown 0 - Twinsburg 3
TOP OF THE 5TH
Gibtown Elephants batting - Pitching for Twinsburg Tigers : RHP Wilson Alindogan
Batting: RHB Robinson Vargas 0-0: Ball
1-0: Ball
2-0: Foul Ball, location: 2F
2-1: Ball
3-1: Base on Balls
Batting: RHB Brian Martin 0-0: Ball
1-0: SINGLE (Line Drive, 4MD, EV 96.9 MPH)
Robinson Vargas to second
Batting: RHB Alonso Salgado 0-0: Called Strike
0-1: Ball
1-1: Fielders Choice at 2nd, 3-6 (Groundball, 3, EV 78.1 MPH)
Robinson Vargas to third
Batting: RHB Rafael Riquelme 0-0: Called Strike
0-1: Foul Ball, location: 2F
0-2: Strikes out looking
Batting: LHB Dan Quintana 0-0: Foul Ball, location: 2F
0-1: Ball
Wild Pitch!
Robinson Vargas scores
Alonso Salgado to second
1-1: Called Strike
1-2: Ball
2-2: Strikes out swinging
Top of the 5th over - 1 run, 1 hit, 0 errors, 1 left on base; Gibtown 1 - Twinsburg 3
BOTTOM OF THE 5TH
Twinsburg Tigers batting - Pitching for Gibtown Elephants : RHP Ki-tong Teoh
Batting: LHB Juan Santángel 0-0: Ball
1-0: Called Strike
1-1: Ball
2-1: Foul Ball, location: 2F
2-2: Ball
3-2: Base on Balls
Batting: RHB Cristo Correa Jr. 0-0: Ball
Juan Santángel steals 2nd base
1-0: Sac Bunt to 3S - play at first, batter OUT! 3-4
Juan Santángel to third
Batting: RHB Charlie Cummings 0-0: Fly out, F9 (Flyball, 9, EV 93.8 MPH)
Batting: LHB Bobby O'Kennedy 0-0: Ball
1-0: Ball
2-0: Ball
3-0: Base on Balls
Batting: RHB Jeff Camp 0-0: Fly out, F8 (Flyball, 78M, EV 78.8 MPH)
Bottom of the 5th over - 0 runs, 0 hits, 0 errors, 2 left on base; Gibtown 1 - Twinsburg 3
TOP OF THE 6TH
Gibtown Elephants batting - Pitching for Twinsburg Tigers : RHP Wilson Alindogan
Batting: RHB Joe Frank 0-0: Ball
1-0: DOUBLE (Flyball, 89XD, EV 90.6 MPH)
Batting: SHB Christian Cole 0-0: Ball
1-0: Called Strike
1-1: Swinging Strike
1-2: Foul Ball, location: 2F
1-2: Ball
2-2: Strikes out swinging
Pitching: RHP Juan Rivera
Batting: RHB Virgil Guldenmond 0-0: Called Strike
0-1: Foul Ball, location: 2F
0-2: Ball
1-2: Foul Ball, location: 2F
1-2: Strikes out swinging
Batting: RHB Colton Pennington 0-0: Called Strike
0-1: Called Strike
0-2: Ball
1-2: Strikes out swinging
Top of the 6th over - 0 runs, 1 hit, 0 errors, 1 left on base; Gibtown 1 - Twinsburg 3
BOTTOM OF THE 6TH
Twinsburg Tigers batting - Pitching for Gibtown Elephants : RHP Ki-tong Teoh
Batting: RHB Sam Hamilton 0-0: Ball
1-0: Foul Ball, location: 2F
1-1: Foul Ball, location: 2F
1-2: Ball
2-2: Foul Ball, location: 2F
2-2: Fly out, F8 (Flyball, 8LM, EV 85.0 MPH)
Batting: RHB Roberto Méndez 0-0: Fly out, F8 (Flyball, 8RM, EV 90.6 MPH)
Batting: RHB Harold Dansey 0-0: Fly out, F9 (Flyball, 9LS, EV 86.9 MPH)
Bottom of the 6th over - 0 runs, 0 hits, 0 errors, 0 left on base; Gibtown 1 - Twinsburg 3
TOP OF THE 7TH
Gibtown Elephants batting - Pitching for Twinsburg Tigers : RHP Juan Rivera
Batting: RHB Robinson Vargas 0-0: Ball
1-0: Ball
2-0: Ball
3-0: Foul Ball, location: 2F
3-1: Base on Balls
Batting: RHB Brian Martin 0-0: Called Strike
0-1: Ball
1-1: Foul Ball, location: 2F
1-2: Foul Ball, location: 2F
1-2: Strikes out swinging
Batting: RHB Alonso Salgado 0-0: Ball
1-0: DOUBLE (Line Drive, 7LS, EV 101.2 MPH)
Robinson Vargas to third
Runner from 3rd tries for Home, SAFE, throw by LF to home
Batting: RHB Rafael Riquelme 0-0: Ball
1-0: Foul Ball, location: 2F
1-1: Ball
2-1: Swinging Strike
2-2: Strikes out swinging
Batting: LHB Dan Quintana 0-0: Ball
1-0: Swinging Strike
1-1: Swinging Strike
1-2: Strikes out looking
Top of the 7th over - 1 run, 1 hit, 0 errors, 1 left on base; Gibtown 2 - Twinsburg 3
BOTTOM OF THE 7TH
Twinsburg Tigers batting - Pitching for Gibtown Elephants : RHP Ki-tong Teoh
Pitching: RHP Ramón Vázquez
Batting: RHB Brian Myers 0-0: Ball
1-0: Foul Ball, location: 2F
1-1: Fly out, F6 (Line Drive, 6, EV 67.5 MPH)
Batting: LHB Juan Santángel 0-0: Foul Ball, location: 2F
0-1: Ball
1-1: Called Strike
1-2: Ground out 1-3 (Groundball, 15, EV 67.5 MPH)
Batting: RHB Cristo Correa Jr. 0-0: SINGLE (Groundball, 6MD, EV 101.2 MPH)
Batting: RHB Charlie Cummings 0-0: Fielders Choice at 2nd, 6-4 (Groundball, 6, EV 85.6 MPH)
Bottom of the 7th over - 0 runs, 1 hit, 0 errors, 1 left on base; Gibtown 2 - Twinsburg 3
TOP OF THE 8TH
Gibtown Elephants batting - Pitching for Twinsburg Tigers : RHP Juan Rivera
Batting: RHB Joe Frank 0-0: Ground out 6-3 (Groundball, 6, EV 98.8 MPH)
Batting: SHB Christian Cole 0-0: Ball
1-0: Ball
2-0: Ball
3-0: Called Strike
3-1: Base on Balls
Batting: RHB Virgil Guldenmond 0-0: Called Strike
0-1: Ball
1-1: Fly out, F8 (Flyball, 8RS, EV 98.8 MPH)
Batting: RHB Colton Pennington 0-0: Ball
1-0: Foul Ball, location: 2F
1-1: Ball
2-1: Fly out, F8 (Flyball, 8RS, EV 86.2 MPH)
Top of the 8th over - 0 runs, 0 hits, 0 errors, 1 left on base; Gibtown 2 - Twinsburg 3
BOTTOM OF THE 8TH
Twinsburg Tigers batting - Pitching for Gibtown Elephants : RHP Ramón Vázquez
Batting: LHB Bobby O'Kennedy 0-0: Ball
1-0: Swinging Strike
1-1: Ball
2-1: Fly out, F7 (Line Drive, 7D, EV 98.8 MPH)
Batting: RHB Jeff Camp 0-0: Foul Ball, location: 2F
0-1: Foul Ball, location: 2F
0-2: SOLO HOME RUN (Flyball, 7D, EV 93.8 MPH), Distance : 392 ft
Batting: RHB Sam Hamilton 0-0: Swinging Strike
0-1: Ball
1-1: Fly out, F9 (Flyball, 9D, EV 108.1 MPH)
Batting: RHB Roberto Méndez 0-0: Called Strike
0-1: Ball
1-1: Called Strike
1-2: Strikes out swinging
Bottom of the 8th over - 1 run, 1 hit, 0 errors, 0 left on base; Gibtown 2 - Twinsburg 4
TOP OF THE 9TH
Gibtown Elephants batting - Pitching for Twinsburg Tigers : RHP Juan Rivera
Pitching: RHP Lorenzo Encarnación
Batting: RHB Robinson Vargas 0-0: Called Strike
0-1: Ball
1-1: Ball
2-1: Foul Ball, location: 2F
2-2: Strikes out swinging
Batting: RHB Brian Martin 0-0: Ball
1-0: Foul Ball, location: 2F
1-1: Called Strike
1-2: Foul Ball, location: 2F
1-2: Ground out 6-3 (Groundball, 56, EV 104.4 MPH)
Batting: RHB Alonso Salgado 0-0: SINGLE (Line Drive, 34D, EV 100.6 MPH)
Batting: RHB Rafael Riquelme 0-0: Fielders Choice at 2nd, 5-4 (Groundball, 56, EV 84.4 MPH)
Top of the 9th over - 0 runs, 1 hit, 0 errors, 1 left on base; Gibtown 2 - Twinsburg 4
Friday, April 17th, 2020 - OOTP Baseball 20.8 Build 74